 Dungeon Crawl Stone Soup version 0.24-a0-275-g6f7e2cb (webtiles) character file.

Game seed: 6463282298189601515

127 erloom the Changer (level 4, 0/52 HPs)
             Began as a Draconian Transmuter on Apr 27, 2019.
             Slain by a bullfrog (2 damage)
             ... in a sewer.
             The game lasted 00:07:40 (2804 turns).

erloom the Changer (Draconian Transmuter)           Turns: 2804, Time: 00:07:41

Health: 0/52       AC: 22    Str: 12    XL:     4   Next: 85%
Magic:  3/9        EV:  2    Int: 15    God:
Gold:   198        SH:  0    Dex: 11    Spells: 3/9 levels left

rFire    . . .     SeeInvis .     - Unarmed
rCold    + . .     Gourm    .   (no shield)
rNeg     + + +     Faith    .   (armour unavailable)
rPois    +         Spirit   .   (helmet currently unavailable)
rElec    .         Reflect  .   (cloak currently unavailable)
rCorr    .         Harm     .   (gloves currently unavailable)
MR       .....     NoTele   +   (boots currently unavailable)
Stlth    +.........             (no amulet)
HPRegen  0.17/turn              i - ring of teleportation (curse)
MPRegen  0.11/turn              m - ring of protection from cold

@: tree-form, very slightly contaminated
A: unfitting armour, AC +5
a: no special abilities


You were in a sewer.
You were not hungry.
You were a tree.
You visited 1 branch of the dungeon, and saw 3 of its levels.
You also visited: Sewer.

You collected 198 gold pieces.

Inventory:

Missiles
 a - 15 arrows
Armour
 h - a +0 pair of boots (melded)
Jewellery
 i - a cursed ring of teleportation (left branch)
 m - a ring of protection from cold (right branch)
Wands
 e - a wand of random effects (15)
 f - a wand of flame (7)
Potions
 g - a potion of heal wounds {unknown}
 n - a potion of haste {unknown}
Comestibles
 c - 7 rations
 j - a chunk of flesh


   Skills:
 - Level 1.1 Fighting
 - Level 1.7 Dodging
 + Level 3.5 Unarmed Combat
 + Level 3.3 Spellcasting
 + Level 3.6 Transmutations


You had 3 spell levels left.
You knew the following spells:

 Your Spells              Type           Power        Failure   Level  Hunger
a - Beastly Appendage     Tmut           ##....       4%          1    None
b - Sticks to Snakes      Tmut           ##......     7%          2    ##.....
c - Spider Form           Tmut/Pois      #.........   28%         3    ###....

Your spell library contained the following spells:

 Spells                   Type           Power        Failure   Level  Hunger
 Ice Form                 Ice/Tmut       #.......     67%         4    ####...
 Blade Hands              Tmut           ##........   77%         5    ######.


Dungeon Overview and Level Annotations

Branches:
Dungeon (3/15)

Altars:
Gozag


Innate Abilities, Weirdness & Mutations

((Your plain brown scales are hard. (AC +5)))
You cannot fit into any form of body armour.
((You are cold-blooded and may be slowed by cold attacks.))


Message History

Your adder barely misses the bullfrog.
The bullfrog closely misses you.
Your adder bites the bullfrog.
The bullfrog hits you.
* * * LOW HITPOINT WARNING * * *
Your adder closely misses the bullfrog.
You aren't carrying any scrolls.
Unknown command.
Really quaff the potion of lignification?
You turn into a tree.
Your +0 pair of boots melds into your body.
Your roots penetrate the ground.
The bullfrog barely misses you.
Your adder closely misses the bullfrog.
The bullfrog hits you.
* * * LOW HITPOINT WARNING * * *
The bullfrog hits you but does no damage.
Your adder barely misses the bullfrog. x2
Unknown command.
Unknown command.
You smack the bullfrog!
The bullfrog is almost dead.
The bullfrog hits you.
You die...

≈# ≈≈≈≈≈≈≈≈####≈≈≈≈.# ≈#
≈≈≈≈≈≈≈≈≈≈≈≈≈##≈≈≈≈≈# .#
≈≈≈≈≈≈≈≈≈∩≈≈≈≈#≈≈≈≈≈# ≈#
≈≈.≈.≈≈≈...≈≈≈≈≈≈≈≈≈# .#
#≈≈≈≈≈≈≈.$.≈.≈.≈≈≈≈≈≈≈≈≈.# ≈#
#≈≈≈≈≈≈.[$$≈≈..≈≈≈≈≈≈≈≈≈≈# ≈#
#≈≈≈≈≈≈≈≈[≈≈S.≈≈≈≈≈≈≈≈≈≈.# .#
#≈≈≈≈≈≈≈≈≈.≈≈F.≈≈≈≈≈≈≈≈≈.# .#
#≈≈≈≈≈≈≈≈≈≈♣F≈≈≈≈≈≈≈≈≈≈≈# ≈#
#≈≈≈≈≈≈≈≈≈≈S≈≈≈≈≈≈≈.≈≈≈≈#
≈#######≈≈≈≈≈≈≈≈≈≈≈≈≈≈≈≈.≈≈≈.#
≈≈≈.........≈≈≈≈≈≈≈≈≈≈..≈≈≈≈.#
≈≈≈≈≈≈≈≈≈≈≈≈≈≈≈≈≈≈≈≈≈≈≈≈≈≈≈≈.#
≈≈≈≈≈≈≈≈≈≈≈≈≈≈≈≈≈≈≈≈≈≈≈≈≈≈≈≈.#
≈≈≈≈≈≈≈≈≈≈≈≈≈≈≈≈≈≈≈≈≈≈≈≈≈≈≈..#
≈≈.≈........................##
≈############################


You could see 2 bullfrogs and 2 friendly adders.

Vanquished Creatures
  7 adders
  A worm (D:3)
  A dart slug (D:1)
  3 leopard geckos
  5 ball pythons (Sewer)
  9 giant cockroaches
  4 goblins
  3 hobgoblins
  8 jackals (D:1)
  A kobold (D:3)
  4 bats
  5 frilled lizards
  4 rats
55 creatures vanquished.

Notes
Turn   | Place    | Note
-------+----------+-------------------------------------------
     0 | D:1      | erloom the Draconian Transmuter began the quest for the
                  | Orb.
     0 | D:1      | Reached XP level 1. HP: 16/16 MP: 3/3
   236 | D:1      | Reached XP level 2. HP: 15/23 MP: 5/5
  1057 | D:2      | Reached XP level 3. HP: 24/28 MP: 7/7
  1096 | D:2      | Learned a level 2 spell: Sticks to Snakes
  1100 | D:2      | Learned a level 3 spell: Spider Form
  1897 | D:3      | Found a faded altar of an unknown god.
  1981 | D:3      | Found an opulent altar of Gozag.
  1999 | D:3      | Reached XP level 4. HP: 23/35 MP: 8/8
  2087 | D:3      | Found a glowing drain.
  2104 | Sewer    | Entered a sewer
  2793 | Sewer    | Noticed a bullfrog
  2793 | Sewer    | Noticed a bullfrog
  2803 | Sewer    | HP: 2/52 [bullfrog (4)]
  2804 | Sewer    | Slain by a bullfrog

Levels and vault maps discovered:
D:1:      sevenhm_arrival_forest_fort_large_4, layout_loops_ring,
          minmay_misc_feat_rows
D:2:      layout_basic
D:3:      layout_rooms, grunt_gozag_statues, chequers_ecumenical_altar_island,
          gup_sewer_entry_pipe, uniq_crazy_yiuf_cottage
Sewer:    sewer_frog_island_01

Skill      XL: |  1  2  3 |
---------------+----------+-----
Transmutations | 3 |  3.6
Spellcasting   | 3 |  3.3
Fighting       | |  1.1
Dodging        | |  1.7
Unarmed Combat | |  3.5

Action                   |  1- 3 |  4- 6 || total
-------------------------+-------+-------++-------
Melee: Unarmed           |   145 |    75 ||   220
       Tailslap          |    12 |     6 ||    18
       Headbutt          |    11 |     4 ||    15
 Cast: Beastly Appendage |     8 |     6 ||    14
       Sticks to Snakes  |     2 |     3 ||     5
  Use: Scroll            |     5 |       ||     5
       Potion            |     4 |     2 ||     6
  Eat: Chunk             |     4 |     3 ||     7
Armor: Skin              |    53 |    51 ||   104
Dodge: Dodged            |    79 |   101 ||   180

Table legend:
 A = Non-vault XP
 B = Vault XP
 C = Vault XP percentage of total XP
 D = Non-vault monster count
 E = Vault monster count
 F = Vault count percentage of total count
                 A         B        C        D         E       F
            +---------+---------+-------+---------+---------+-------
      Total |      98 |      84 |  46.2 |      34 |      21 |  38.2
            +---------+---------+-------+---------+---------+-------
        D:1 |      37 |       0 |   0.0 |      21 |       0 |   0.0
        D:2 |      21 |       0 |   0.0 |       5 |       0 |   0.0
        D:3 |      40 |       9 |  18.4 |       8 |       4 |  33.3
      Sewer |       0 |      75 | 100.0 |       0 |      17 | 100.0
            +---------+---------+-------+---------+---------+-------
